Map: Ruins of Endion

Players

Miszu - Winner!

  • Race: Terran Terran
  • League: Master

BaptisteLr

  • Race: Terran Terran
  • League: Master

VOD

Have the link to the VOD?

Description

Time

  • Played on: April 30, 2016, 5:27 a.m.
  • Length: 9:56
Show
View Real Time Build Order
Export as new Build Order

Miszu Terran - Winner!

Build Orders: 1/1/1, MMM Bio 

Get SALT Encoding   

  12  0:00  SCV  
  13  0:13  SCV  
  14  0:17  Supply Depot  
  14  0:25  SCV  
  15  0:28  Refinery  
  15  0:39  SCV  
  16  0:45  Barracks  
  16  0:51  SCV  
  17  1:03  SCV  
  18  1:07  Refinery  
  18  1:15  SCV  
  19  1:27  SCV  
  20  1:32  Factory  
  20  1:39  Orbital Command  
  20  1:40  Reaper  
  21  1:50  Supply Depot  
  21  2:04  SCV  
  22  2:13  Reaper  
  23  2:17  Starport  
  23  2:20  Hellion  
  23  2:22  SCV  
  26  2:34  SCV  
  27  2:41  Hellion  
  29  2:45  Reaper  
  29  2:47  Supply Depot  
  30  2:57  Medivac  
  31  3:09  Hellion, SCV  
  34  3:20  Barracks Tech Lab  
  34  3:21  SCV  
  34  3:23  Supply Depot  
  35  3:33  Command Center  
  35  3:41  SCV  
  36  3:58  SCV  
  37  4:04  Barracks Reactor, Cloaking Field, Banshee  
  40  4:10  SCV  
  41  4:44  SCV  
  40  4:46  Marine x2  
  40  4:47  Viking, Factory Tech Lab  
  43  4:55  Orbital Command  
  43  4:59  Barracks  
  42  5:00  Barracks, SCV  
  42  5:02  Engineering Bay  
  42  5:04  Marine  
  44  5:10  Siege Tank  
  44  5:12  SCV  
  41  5:24  SCV  
  42  5:31  SCV  
  42  5:35  Terran Infantry Weapons Level 1  
  43  5:36  SCV  
  43  5:40  Starport Reactor  
  44  5:43  SCV  
  44  5:48  SCV  
  46  5:51  Marine x2  
  46  5:53  Barracks Tech Lab  
  46  5:56  SCV  
  46  5:57  Siege Tank  
  52  5:59  Supply Depot, Refinery  
  52  6:01  SCV  
  53  6:06  Marine  
  53  6:07  Stimpack  
  53  6:08  SCV  
  53  6:09  Marine x2  
  57  6:13  SCV  
  57  6:14  Barracks x2  
  57  6:18  Marine  
  56  6:19  Medivac  
  56  6:20  Medivac, SCV  
  56  6:23  Combat Shields  
  56  6:24  Marine  
  56  6:25  SCV  
  63  6:26  Marine  
  63  6:27  Marine  
  65  6:33  Supply Depot  
  65  6:35  Marine, SCV  
  65  6:36  Supply Depot  
  65  6:37  SCV  
  68  6:41  Marine  
  68  6:44  Marine  
  70  6:54  Marine, Siege Tank, SCV  
  70  6:55  Supply Depot  
  70  6:59  Marine  
  76  7:01  Barracks Reactor  
  76  7:02  Barracks Reactor  
  76  7:04  Refinery  
  76  7:05  Supply Depot, Marine  
  76  7:06  Marine, Medivac  
  80  7:12  Marine  
  81  7:17  Marine  
  81  7:21  Supply Depot  
  82  7:23  Marine x2  
  82  7:28  SCV  
  82  7:29  Command Center, SCV  
  86  7:30  Marine  
  86  7:33  Terran Infantry Armor Level 1  
  87  7:40  SCV  
  87  7:41  SCV  
  87  7:42  Marine x2  
  91  7:45  Siege Tank  
  91  7:50  Marine x4  
  98  8:13  Marine x5  
  98  8:15  Marine  
  98  8:16  Marine x2  
  98  8:17  Siege Tank  
  109  8:27  Medivac x2  
  108  8:36  Marine x2  
  108  8:41  Marine x6  
  116  8:44  Orbital Command  
  116  8:49  Sensor Tower, Siege Tank  
  116  8:53  Marine  
  116  8:54  Marine  
  121  8:57  Medivac x2  
  121  9:01  Supply Depot x2  
  125  9:08  Engineering Bay  
  125  9:10  Armory  
  125  9:22  Marine, Siege Tank, SCV  
  125  9:23  Marine, Sensor Tower, SCV  
  132  9:25  Supply Depot  
  132  9:27  Supply Depot  
  132  9:29  Marine x4  
  140  9:40  Supply Depot  
  140  9:44  Supply Depot  
Show
View Real Time Build Order
Export as new Build Order

BaptisteLr Terran 

Build Orders: Liberator Opening, Reaper Expand, MMM Bio 

Get SALT Encoding   

  12  0:00  SCV  
  13  0:12  SCV  
  14  0:18  Supply Depot  
  14  0:25  SCV  
  15  0:39  SCV  
  15  0:41  Barracks  
  16  0:47  Refinery  
  16  0:52  SCV  
  17  1:04  SCV  
  18  1:16  SCV  
  19  1:28  Orbital Command  
  19  1:31  Reaper  
  20  1:41  Command Center  
  20  1:54  SCV  
  20  1:55  Supply Depot  
  21  2:02  Refinery  
  21  2:05  Reaper  
  21  2:06  SCV  
  23  2:18  SCV  
  24  2:25  Factory  
  24  2:30  SCV  
  25  2:41  Reaper  
  25  2:42  SCV  
  27  2:45  Supply Depot  
  27  2:53  Orbital Command  
  27  2:55  SCV  
  28  3:07  SCV  
  28  3:09  Widow Mine  
  28  3:10  Starport  
  31  3:19  SCV  
  32  3:20  Reaper  
  32  3:23  SCV  
  34  3:30  Liberator  
  34  3:31  Barracks, SCV  
  34  3:32  Barracks  
  35  3:38  SCV  
  36  3:43  SCV  
  36  3:45  Factory Tech Lab  
  40  3:50  SCV  
  41  3:56  SCV  
  42  4:04  Siege Tank  
  42  4:06  Supply Depot  
  42  4:07  Supply Depot  
  45  4:14  Marine  
  46  4:28  Marine x2, SCV  
  40  4:48  Marine x2  
  40  4:51  Orbital Command  
  37  5:01  Barracks Tech Lab, SCV  
  37  5:03  Starport Reactor, Siege Tank  
  41  5:12  Barracks Tech Lab  
  41  5:13  SCV  
  42  5:16  Barracks Reactor  
  42  5:20  Engineering Bay  
  42  5:25  SCV  
  39  5:33  SCV  
  38  5:37  SCV  
  38  5:38  Marine x2, Combat Shields  
  41  5:45  SCV  
  41  5:49  SCV  
  39  5:55  Marine  
  40  5:57  SCV, Missile Turret  
  40  6:00  Missile Turret  
  40  6:06  SCV  
  40  6:09  SCV  
  42  6:12  Missile Turret  
  42  6:18  SCV  
  43  6:21  SCV  
  43  6:23  Stimpack  
  44  6:30  SCV  
  45  6:33  SCV  
  45  6:35  Missile Turret  
  45  6:39  Terran Infantry Weapons Level 1  
  46  6:42  SCV  
  46  6:46  SCV  
  48  6:51  Marine x3  
  51  6:54  SCV  
  51  6:56  Medivac  
  51  6:58  SCV  
  51  7:00  Supply Depot  
  55  7:06  Siege Tank, SCV  
  55  7:07  Engineering Bay  
  59  7:10  SCV  
  59  7:11  Supply Depot  
  59  7:12  Marine  
  59  7:13  Marine  
  62  7:21  Supply Depot  
  62  7:22  Marine  
  63  7:23  Medivac  
  63  7:24  SCV  
  63  7:26  Marine  
  67  7:36  Marine x2, Terran Infantry Armor Level 1  
  69  7:38  SCV  
  69  7:40  Supply Depot  
  70  7:51  Marine x2  
  71  7:54  Marine x2  
  74  8:09  Marine  
  74  8:10  Marine  
  74  8:12  Marine  
  75  8:31  Marine x4  
  76  8:36  SCV x2  
  76  8:38  Armory  
  76  8:39  Refinery, Command Center  
  76  8:40  Refinery  
  78  8:41  Barracks  
  78  8:42  Barracks  
  78  8:44  Factory  
  78  8:48  Marine, SCV x2  
  78  8:51  Marine x2  
  78  8:54  Marine  
  84  9:00  SCV  
  85  9:09  Marine  
  85  9:10  Supply Depot, Marine x2  
  85  9:11  Supply Depot  
  85  9:12  Marine  
  85  9:15  Medivac  
  91  9:27  Marine  
  91  9:31  Marine x3  
  96  9:40  Factory Tech Lab  
Tags
 
Add a new tag
Caveats
  • Supply blocks, unpowered buildings, or Contaminate may cause inaccurate times.
  • Supply counts are checked every 10 seconds.